 Dungeon Crawl Stone Soup version 0.29-a0-266-gf56f883ddd (webtiles) character file.

Game seed: 3308488754548898049

38213 Angani the Marksdraconian (level 13, -3/113 HPs)
             Began as a Black Draconian Hunter on Mar 7, 2022.
             Was a Priest of Uskayaw.
             Slain by a death yak (19 damage)
             ... on level 5 of the Lair of Beasts.
             The game lasted 00:22:36 (15005 turns).

Angani the Marksdraconian (Black Draconian Hunter) Turns: 15005, Time: 00:22:37

Health: -3/113     AC: 13    Str: 15    XL:     13   Next: 62%
Magic:  9/21       EV: 12    Int: 12    God:    Uskayaw [***...]
Gold:   1284       SH:  0    Dex: 19    Spells: 12/12 levels left

rFire   . . .      SeeInvis +   l - +8 longbow "Zephyr" {speed, Dex+3 SInv}
rCold   + . .      Faith    .   (shield currently unavailable)
rNeg    . . .      Spirit   .   (body armour unavailable)
rPois   +          Reflect  .   (helmet restricted)
rElec   +          Harm     .   R - +0 cloak
rCorr   .          Rampage  .   r - +1 pair of gloves
Will    .....                   J - +1 pair of boots
Stlth   ++........              i - amulet of magic regeneration
HPRegen 0.28/turn               A - ring of poison resistance
MPRegen 0.57/turn               h - ring of protection from cold

@: about to teleport
A: breathe lightning, AC +8, unfitting armour, electricity resistance,
cold-blooded
a: Breathe Lightning, Renounce Religion, Stomp, Line Pass


You were on level 5 of the Lair of Beasts.
You worshipped Uskayaw.
Uskayaw was aware of your devotion.
You visited 2 branches of the dungeon, and saw 16 of its levels.
You also visited: Bailey.

You collected 1359 gold pieces.
You spent 75 gold pieces at shops.

Inventory:

Hand Weapons
 l - the +8 longbow "Zephyr" (weapon) {speed, Dex+3 SInv}
   (You found it on level 2 of the Dungeon)

   Attacks with this weapon are significantly faster.
   Dex:       It affects your dexterity (+3).
   SInv:      It lets you see invisible.
Missiles
 s - 3 throwing nets
Armour
 r - a +1 pair of gloves (worn)
 H - the +1 robe of Vines {NoPotionHeal Regen++++}
   (You found it on level 7 of the Dungeon)

   Its wearer cannot be healed by potions.
   Regen:     It increases your rate of health regeneration.
 J - a +1 pair of boots (worn)
 R - a +0 cloak (worn)
Jewellery
 e - a ring of resist corrosion
 h - a ring of protection from cold (right hand)
 i - an amulet of magic regeneration (around neck)
 A - a ring of poison resistance (left hand)
 C - a ring of fire
 D - a ring of flight
 I - the ring of Zuime {rElec AC+4 Int+4}
   (You found it on level 7 of the Dungeon)

   [ring of protection]

   AC:        It affects your AC (+4).
   Int:       It affects your intelligence (+4).
   rElec:     It insulates you from electricity.
 K - an amulet of the acrobat
Wands
 q - a wand of flame (17)
 t - a wand of paralysis (7)
 B - a wand of iceblast (10)
 F - a wand of charming (5)
 M - a wand of acid (5)
 Q - a wand of mindburst (5)
Scrolls
 b - 2 scrolls of immolation
 g - a scroll of torment
 j - 6 scrolls of teleportation
 o - a scroll of silence
 v - 2 scrolls of vulnerability
 x - 3 scrolls of fog
 y - 3 scrolls of enchant weapon
 G - a scroll of fear
 L - a scroll of holy word
 N - a scroll of summoning
 P - 2 scrolls of magic mapping
Potions
 a - 9 potions of curing
 c - 2 potions of resistance
 d - 3 potions of berserk rage
 f - 3 potions of lignification {unknown}
 k - 7 potions of haste
 m - 3 potions of might
 n - 2 potions of mutation {unknown}
 p - a potion of invisibility {unknown}
 u - 2 potions of attraction {unknown}
 w - 5 potions of brilliance {unknown}
 E - 3 potions of magic
 O - 3 potions of cancellation
 S - a potion of degeneration


   Skills:
 - Level 10.0 Fighting
 * Level 17.6 Bows
 - Level 3.9 Crossbows
 - Level 2.1 Dodging
 - Level 1.6 Stealth
 - Level 11.0 Invocations


You had 12 spell levels left.
You didn't know any spells.
Your spell library contained the following spells:

 Spells                   Type           Power      Damage    Failure   Level
 Animate Skeleton         Necr           0%         N/A       32%         1
 Pain                     Necr           0%         1d4       32%         1
 Summon Small Mammal      Summ           0%         N/A       32%         1
 Corpse Rot               Necr/Air       0%         N/A       45%         2
 Poisonous Vapours        Pois/Air       0%         N/A       45%         2
 Scorch                   Fire           0%         2d5       45%         2
 Static Discharge         Conj/Air       0%         N/A       45%         2
 Call Canine Familiar     Summ           0%         N/A       69%         3
 Confusing Touch          Hex            0%         N/A       69%         3
 Conjure Flame            Conj/Fire      0%         6-21      69%         3
 Ignite Poison            Fire/Tmut/Pois 0%         N/A       69%         3
 Ozocubu's Armour         Ice            0%         N/A       69%         3
 Summon Guardian Golem    Hex/Summ       0%         N/A       69%         3
 Vampiric Draining        Necr           0%         2d6       69%         3
 Dispel Undead            Necr           0%         3d6       97%         4
 Flame Wave               Conj/Fire      0%         2d4       97%         4
 Passage of Golubria      Tloc           0%         N/A       97%         4
 Sticky Flame             Conj/Fire      0%         2d3       97%         4
 Alistair's Intoxication  Tmut/Pois      0%         N/A       100%        5
 Borgnjor's Vile Clutch   Necr/Erth      0%         N/A       100%        5
 Silence                  Hex/Air        0%         N/A       100%        5
 Yara's Violent Unravell  Hex/Tmut       0%         3d3       100%        5
 Eringya's Noxious Bog    Tmut/Pois      0%         N/A       100%        6
 Summon Cactus Giant      Summ           0%         N/A       100%        6
 Enfeeble                 Hex            0%         N/A       100%        7
 Ozocubu's Refrigeration  Ice            0%         4d5       100%        7
 Lehudib's Crystal Spear  Conj/Erth      0%         10d2      100%        8


Dungeon Overview and Level Annotations

Branches:
Dungeon (10/15)            Temple (0/1) D:7            Lair (6/6) D:10
 Shoals (0/4) Lair:3        Snake (0/4) Lair:3        Slime (0/5) Lair:5
    Orc (0/2) D:9          Bailey (visited)

Altars:
Hepliaklqana
Kikubaaqudgha
Qazlal
Sif Muna
Uskayaw
Xom
Zin
Beogh

Shops:
D:6 *   D:10 *

Portals:
Trove: D:10 (give +5 demon whip)

Annotations:
D:5 3 runed translucent doors, Angani's ghost, novice DrHu
D:6 exclusion: 2 doors
D:10 exclusions: ice statue and obsidian statue
Lair:3 4 transporters, Aceekuaquu's ghost, journeyman MiBe
Lair:4 2 transporters, Cemuf's ghost, adept DjFE


Innate Abilities, Weirdness & Mutations

You can breathe wild blasts of lightning.
Your glossy black scales are hard. (AC +8)
You cannot fit into any form of body armour.
You are resistant to electric shocks. (rElec)
You are cold-blooded and may be slowed by cold attacks.


Message History

The boulder beetle is severely wounded.
The death yak is moderately wounded.
The boulder beetle barely misses you. The death yak closely misses you.
The blink frog blinks!
Uskayaw will force your foes to share their pain.
Unknown command.
You stomp with the beat, sending a shockwave through the revellers around you!
The boulder beetle is almost dead.
The death yak is heavily wounded.
The boulder beetle bites you!! The death yak gores you!
Unknown command.
You stomp with the beat, sending a shockwave through the revellers around you!
You kill the boulder beetle!
The blink frog is moderately wounded.
The death yak is heavily wounded.
The blink frog misses you. The death yak gores you!!
* * * LOW HITPOINT WARNING * * *
The blink frog hits you!
* * * LOW HITPOINT WARNING * * *
The blink frog blinks!
The blink frog hits you but does no damage.
Unknown command.
As you read the scroll of fear, it crumbles to dust.
You assume a fearsome visage.
The death yak resists with some effort.
The blink frog looks frightened! x2; The blink frog easily resists.
The blink frog blinks! x3; The death yak gores you!
* * * LOW HITPOINT WARNING * * *
Unknown command.
Unknown command.
Okay, then.
You feel much better.
The blink frog blinks! x2; The death yak gores you.
* * * LOW HITPOINT WARNING * * *
Unknown command.
The blink frog blinks!
The death yak gores you!
* * * LOW HITPOINT WARNING * * *
A mysterious force pulls you upwards. The hatch slams shut behind you.
Unknown command.
As you read the scroll of teleportation, it crumbles to dust.
You feel strangely unstable. The death yak gores you!!
You die...

#.......##.......#
.......##......#.#
.......##....P#..#
.......###...##..#
.......##..P####.##
.......##..###....#
.......#...#.....##
..................##
...............Y@..#
.................PP#
............PP....##
.............PP...#
#......##.P.P.P..##
##.......#...#...###
#......(P..........#
.................P.#
........#.....#...##


You could see a death yak.

Vanquished Creatures
  4 hydras
  2 vault guards (Bailey)
  A boulder beetle (Lair:6)
  2 two-headed ogres (D:9)
  10 death yaks
  A manticore (D:9)
  10 elephants
  A merfolk siren (Lair:3)
  4 black mambas
  8 cane toads
  8 komodo dragons
  A rime drake (Lair:4)
  3 merfolk (Lair:3)
  2 polar bears
  4 trolls
  Grinder (D:6)
  Prince Ribbit (Bailey)
  2 hornets
  A blink frog (Lair:6)
  28 yaks
  6 wyverns
  2 basilisks (Lair:3)
  5 humans (Bailey)
  A steam dragon (D:9)
  Menkaure (D:7)
  3 nagas (Lair:3)
  9 water moccasins
  Duvessa (D:6)
  A sky beast (D:5)
  11 orc warriors
  3 ice beasts
  A black bear (Lair:1)
  7 ogres
  3 centaurs
  2 kobold brigands
  25 bullfrogs
  A necrophage (D:7)
  5 scorpions
  12 wights
  Dowan (D:6)
  A killer bee (D:8)
  An electric eel (Lair:1)
  8 hounds
  9 orc priests
  7 jellies
  5 iguanas
  10 orc wizards
  5 hell rats (Lair:5)
  Natasha (thrice) (D:2)
  12 adders
  9 gnolls
  A shadow imp (D:6)
  2 white imps (D:7)
  2 adder zombies (D:2)
  5 dart slugs
  73 orcs
  6 ball pythons
  2 bat skeletons (D:2)
  9 endoplasms
  16 giant cockroaches
  10 goblins
  7 hobgoblins
  3 jackals
  6 quokkas
  A ball python zombie (D:2)
  4 bats
  3 frilled lizards
  9 kobolds
  A quokka skeleton (D:2)
  A quokka zombie (D:2)
  A butterfly (Lair:4)
426 creatures vanquished.

Vanquished Creatures (others)
  A yak (D:8)
  26 fungi
  69 plants
96 creatures vanquished.

Grand Total: 522 creatures vanquished

Notes
Turn   | Place    | Note
-------+----------+-------------------------------------------
     0 | D:1      | Angani the Draconian Hunter began the quest for the Orb.
     0 | D:1      | Reached XP level 1. HP: 17/17 MP: 1/1
    16 | D:1      | Reached skill level 1 in Stealth
    89 | D:1      | Reached XP level 2. HP: 25/25 MP: 2/2
   317 | D:1      | Found a faded altar of an unknown god.
   328 | D:1      | Prayed at the altar of an unknown god.
   328 | D:1      | Became a worshipper of Uskayaw the Reveller
   328 | D:1      | Reached * piety under Uskayaw
   333 | D:1      | Reached ** piety under Uskayaw
   510 | D:1      | Reached XP level 3. HP: 30/30 MP: 3/3
   900 | D:2      | Found the +8 longbow "Zephyr" {speed, Dex+3 SInv}
   910 | D:2      | wow
   910 | D:2      | D1 Faded into Usk
   910 | D:2      | Then I find Zephyr on D2
  1030 | D:2      | Reached *** piety under Uskayaw
  1091 | D:2      | Noticed Natasha
  1092 | D:2      | Killed Natasha
  1093 | D:2      | Reached skill level 1 in Bows
  1093 | D:2      | Reached skill level 1 in Invocations
  1093 | D:2      | Reached XP level 4. HP: 38/38 MP: 4/4
  1148 | D:2      | Identified the +8 hunting sling "Niuris" {venom, rElec rC-
                  | Str+10}
  1283 | D:2      | Reached skill level 2 in Bows
  1343 | D:2      | Noticed Natasha
  1344 | D:2      | Killed Natasha
  1345 | D:2      | Reached XP level 5. HP: 45/45 MP: 6/6
  1409 | D:2      | Noticed Natasha
  1411 | D:2      | Killed Natasha
  1888 | D:3      | Identified the +1 ring mail of Xuessack {+Blink rF+ Int-5
                  | Stlth+}
  1931 | D:3      | Found a hazy altar of Hepliaklqana.
  2427 | D:4      | Reached skill level 3 in Bows
  2428 | D:4      | Noticed an ice beast
  2446 | D:4      | Reached XP level 6. HP: 44/52 MP: 7/7
  2449 | D:4      | Reached **** piety under Uskayaw
  2528 | D:4      | Killed an ice beast
  2532 | D:4      | Reached skill level 4 in Bows
  2532 | D:4      | Your scales start taking on a glossy black colour.
  2532 | D:4      | Reached XP level 7. HP: 60/60 MP: 9/9
  2532 | D:4      | Gained mutation: You are resistant to electric shocks.
                  | (rElec) [Black Draconian growth]
  2595 | D:4      | Time to play careful
  2595 | D:4      | this could be my tiamat run too
  2714 | D:4      | Identified the +0 robe of the Sun {rF+ rC+ Str+2 Dex+4}
  2861 | D:4      | Reached skill level 5 in Fighting
  2967 | D:5      | Entered Level 5 of the Dungeon
  3022 | D:5      | Reached skill level 5 in Bows
  3028 | D:5      | Found a runed translucent gate.
  3028 | D:5      | Found a runed translucent gate.
  3028 | D:5      | Found a runed translucent gate.
  3028 | D:5      | Noticed Angani's ghost (novice DrHu)
  3144 | D:5      | Reached XP level 8. HP: 69/69 MP: 11/11
  3246 | D:5      | Reached ***** piety under Uskayaw
  3247 | D:5      | Reached skill level 6 in Bows
  3247 | D:5      | Reached skill level 5 in Invocations
  3801 | D:6      | Reached skill level 7 in Bows
  3902 | D:6      | Reached XP level 9. HP: 78/78 MP: 13/13
  3934 | D:6      | Found Kires's Fire Supplies.
  3960 | D:6      | Identified the +0 buckler of a Million Demons {Str+5}
  4107 | D:6      | Noticed a boulder beetle
  4152 | D:6      | Reached skill level 8 in Bows
  4421 | D:6      | Noticed Dowan
  4425 | D:6      | Noticed Duvessa
  4428 | D:6      | Killed Dowan
  4435 | D:6      | Killed Duvessa
  4783 | D:6      | Noticed Grinder
  4784 | D:6      | Paralysed by Grinder for 2 turns
  4794 | D:6      | Killed Grinder
  4964 | D:7      | Noticed Menkaure
  4967 | D:7      | Killed Menkaure
  5218 | D:7      | Reached skill level 9 in Bows
  5225 | D:7      | Noticed a troll
  5227 | D:7      | Noticed a four-headed hydra
  5228 | D:7      | Killed a troll
  5229 | D:7      | Reached XP level 10. HP: 88/88 MP: 15/15
  5233 | D:7      | Killed a four-headed hydra
  5237 | D:7      | Found the +1 robe of Vines {NoPotionHeal Regen++++}
  5412 | D:7      | Found a staircase to the Ecumenical Temple.
  5612 | D:7      | You fall into a shaft and drop 2 floors!
  5628 | D:8      | Found a shimmering altar of Xom.
  5809 | D:7      | Reached skill level 10 in Bows
  5843 | D:7      | Identified the ring of Zuime {rElec AC+4 Int+4}
  6390 | D:7      | Found an ancient bone altar of Kikubaaqudgha.
  7550 | D:9      | Noticed a two-headed ogre
  7556 | D:9      | Killed a two-headed ogre
  7572 | D:9      | Noticed a manticore
  7581 | D:9      | Killed a manticore
  7582 | D:9      | Reached XP level 11. HP: 55/97 MP: 17/17
  7947 | D:9      | Reached skill level 11 in Bows
  8074 | D:9      | Noticed a two-headed ogre
  8079 | D:9      | Killed a two-headed ogre
  8129 | D:9      | Reached skill level 10 in Fighting
  8168 | D:9      | Found a staircase to the Orcish Mines.
  8374 | D:10     | Entered Level 10 of the Dungeon
  8382 | D:10     | Noticed an obsidian statue
  8426 | D:10     | Found Manyupp's General Store.
  8435 | D:10     | Bought a potion of heal wounds for 75 gold pieces
  8469 | D:10     | Reached skill level 10 in Invocations
  8482 | D:10     | Reached ****** piety under Uskayaw
  8559 | D:10     | Found a portal to a secret trove of treasure.
  8644 | D:10     | Found a flagged portal.
  8661 | Bailey   | Entered a bailey
  8669 | Bailey   | Reached skill level 12 in Bows
  8756 | Bailey   | Noticed a vault guard
  8756 | Bailey   | Noticed Prince Ribbit
  8762 | Bailey   | Killed Prince Ribbit
  8769 | Bailey   | Killed a vault guard
  8806 | Bailey   | Noticed a vault guard
  8813 | Bailey   | Killed a vault guard
  8917 | D:10     | Found a glowing silver altar of Zin.
  8948 | D:10     | Found a stormy altar of Qazlal.
  9359 | D:10     | Found a staircase to the Lair.
  9636 | D:10     | Found a shimmering blue altar of Sif Muna.
  9768 | Lair:1   | Entered Level 1 of the Lair of Beasts
 10396 | Lair:1   | Reached skill level 13 in Bows
 10396 | Lair:1   | Reached XP level 12. HP: 89/106 MP: 20/20
 10547 | Lair:1   | You fall into a shaft and drop 1 floor!
 10980 | Lair:1   | Noticed an eight-headed hydra
 10987 | Lair:1   | Killed an eight-headed hydra
 10988 | Lair:1   | Reached skill level 14 in Bows
 12108 | Lair:3   | Found a transporter.
 12111 | Lair:3   | Noticed a catoblepas
 12344 | Lair:3   | Found a staircase to the Snake Pit.
 12398 | Lair:3   | Found a transporter.
 12400 | Lair:3   | Noticed Aceekuaquu's ghost (journeyman MiBe)
 12483 | Lair:3   | Reached skill level 15 in Bows
 12495 | Lair:3   | Found a transporter.
 12510 | Lair:3   | Found a staircase to the Shoals.
 12700 | Lair:3   | Found a transporter.
 12703 | Lair:3   | Noticed a death yak
 12730 | Lair:3   | Noticed a six-headed hydra
 12745 | Lair:3   | Killed a six-headed hydra
 13271 | Lair:4   | Reached XP level 13. HP: 102/113 MP: 21/21
 13379 | Lair:4   | Reached skill level 16 in Bows
 13935 | Lair:4   | Found a transporter.
 13935 | Lair:4   | Noticed Cemuf's ghost (adept DjFE)
 13939 | Lair:4   | Found a transporter.
 14465 | Lair:5   | Found a staircase to the Slime Pits.
 14883 | Lair:6   | Entered Level 6 of the Lair of Beasts
 14895 | Lair:6   | Reached skill level 17 in Bows
 15001 | Lair:6   | HP: 2/113 [death yak (10)]
 15005 | Lair:5   | Slain by a death yak

Illustrated notes ##.############### .......@).>....... .#.##..###.###### ..... #.# #.##.. #.###### .. #.. #.#....#### . #.. #.........# #....#.........# ... ...............# .. ..#....###.####... Turn 910 on D:2: wow

...#..........#
.#............#
..##...########
#......#######
.............######.<
.....................
......######<...###.
># ###...
##.†...#...# ####
##..@.....#
######...# ###


Turn 2595 on D:4: Time to play careful

Levels and vault maps discovered:
D:1:      dpeg_arrival_stonehenge_8_columns, layout_basic,
          chequers_ecumenical_altar_island, glass_columns_a, skrybe_limestone_x
D:2:      minmay_roachtagon, layout_basic, serial_undead, serial_undead_c,
          serial_undead_b, serial_undead_f, serial_undead_e, serial_undead_f,
          serial_undead_e, uniq_natasha
D:3:      layout_basic, nicolae_hepliaklqana_hippocampus
D:4:      layout_rooms, chequers_jeans
D:5:      layout_basic, ebering_ghost_rock_garden, dk_vineyard_2,
          hangedman_abyss_or_decor_jellyfish_corner,
          corexii_item_surrounded_by_moat, minmay_fractal_squares_diagonal_5
D:6:      minmay_chambers_of_sixes, layout_gridville, nicolae_shop_fire_sale
          [nicolae_sub_dead_trees], hangedman_decor_riveting, kennysheep_path_1,
          uniq_duvessa, uniq_grinder
D:7:      layout_layer_cave, kennysheep_little_box, temple_fountains,
          hellmonk_guarded_unrand_vines, uniq_menkaure
D:8:      layout_cave_pools, xom_butterflies, special_room [special_room_orc],
          nrook_mini_vaults, nrook_campfire, kennysheep_generic_room_7
D:9:      layout_rooms, orc_0_dummy
D:10:     layout_loops_corners, zin_academy,
          mainiacjoe_overflow_concentric_impassable,
          nicolae_sif_muna_little_library, grunt_lair_entry_orc_guard_hut,
          enter_bailey_4, serial_shops,
          nicolae_shop_temple_entry_statues_fountains, enter_trove_6,
          david_greed
Lair:1:   layout_layer_cave, serial_bayou_lagoon_a, serial_bayou_shore_b,
          grunt_megastairs_1
Lair:2:   minmay_lair_venomous_thicket, layout_chaotic_city
Lair:3:   gammafunk_cloud_chamber, layout_regular_city,
          elwin_shoals_entry_stream, minmay_snake_entry_guardpost_large,
          nzn_ghost_randoct, lemuel_fruit_tree
Lair:4:   layout_loops_ring, gammafunk_ghost_hive, lemuel_fruit_fields
Lair:5:   layout_regular_city, nicolae_slime_entry_slimehenge
Lair:6:   evilmike_catoblepas_cave, layout_gridlike,
          hangedman_lair_generics_rect

Skill      XL: |  1  2  3  4  5  6  7  8  9 10 11 12 13 |
---------------+----------------------------------------+-----
Stealth        | 1 |  1.6
Dodging        | 2 |  2.1
Fighting       | 3 4 5 6 8 9 10 | 10.0
Bows           | 1 2 3 4 5 7 9 10 13 15 17 | 17.6
Invocations    | 1 2 3 4 6 7 9 11 | 11.0
Crossbows      | |  3.9

Action                   |  1- 3 |  4- 6 |  7- 9 | 10-12 | 13-15 || total
-------------------------+-------+-------+-------+-------+-------++-------
 Fire: Hand crossbow     |    76 |       |       |       |       ||    76
       Longbow           |    26 |    86 |   227 |   669 |   150 ||  1158
Invok: Stomp             |       |       |       |     1 |     8 ||     9
       Line Pass         |       |       |       |     1 |     3 ||     4
       Grand Finale      |       |       |       |     1 |       ||     1
 Abil: Breathe Lightning |       |       |     1 |     3 |     1 ||     5
  Use: Scroll            |     1 |     3 |     9 |    10 |     3 ||    26
       Potion            |     1 |     2 |       |       |     1 ||     4
Armor: Skin              |    11 |     7 |     5 |    38 |    22 ||    83
Dodge: Dodged            |    21 |    12 |    22 |    83 |    29 ||   167

Table legend: (Time is in decaauts)
 A = Elapsed time spent in this place.
 B = Non-inter-level travel time spent in this place.
 C = Inter-level travel time spent in this place.
 D = Time resting spent in this place.
 E = Time spent auto-exploring this place.
 F = Levels seen in this place.
 G = Mean time per level.
                   A        B        C        D        E       F      G
               +--------+--------+--------+--------+--------+-----+--------+
         Total |  14859 |  14416 |    443 |   1445 |  10769 |  17 |  874.1 |
       Dungeon |   9578 |   9237 |    341 |    707 |   7001 |  10 |  957.8 |
          Lair |   5110 |   5008 |    102 |    738 |   3706 |   6 |  851.7 |
        Bailey |    171 |    171 |      0 |      0 |     61 |   1 |  171.0 |
               +--------+--------+--------+--------+--------+-----+--------+

Top non-repeatable levels by time:
     D:7: 1481 daAuts
  Lair:1: 1314 daAuts
  Lair:4: 1262 daAuts
     D:6: 1224 daAuts
    D:10: 1204 daAuts
     D:8: 1066 daAuts
  Lair:2: 993 daAuts
     D:3: 928 daAuts
     D:1: 899 daAuts
  Lair:3: 838 daAuts
     D:9: 824 daAuts
     D:5: 763 daAuts
     D:2: 639 daAuts
  Lair:5: 598 daAuts
     D:4: 547 daAuts
